 Dungeon Crawl Stone Soup version 0.21.1-1-g345015f (webtiles) character file.

84 Krilegs the Sneak (level 4, -6/23 HPs)
             Began as a Spriggan Assassin on May 8, 2018.
             Mangled by Natasha (9 damage)
             ... on level 2 of the Dungeon.
             The game lasted 00:04:12 (1707 turns).

Krilegs the Sneak (Spriggan Assassin)               Turns: 1707, Time: 00:04:12

Health: -6/23      AC:  3    Str:  7    XL:     4   Next: 23%
Magic:  5/5        EV: 18    Int: 12    God:
Gold:   24         SH:  0    Dex: 18    Spells: 3/3 levels left

rFire    . . .     SeeInvis +   a - +2 dagger
rCold    . . .     Gourm    .   (shield restricted)
rNeg     . . .     Faith    .   c - +0 robe
rPois    .         Spirit   .   (helmet restricted)
rElec    .         Reflect  .   d - +0 cloak
rCorr    .         Harm     .   (gloves unavailable)
MR       .....                  (boots unavailable)
Stlth    ++++......             (no amulet)
HPRegen  0.07/turn              (no ring)
MPRegen  0.09/turn              (no ring)

@: very quick
A: very small, unfitting armour, see invisible, herbivore, speed 3, slow
metabolism 2
a: no special abilities


You were on level 2 of the Dungeon.
You were not hungry.

You visited 1 branch of the dungeon, and saw 2 of its levels.

You collected 24 gold pieces.

Inventory:

Hand Weapons
 a - a +2 dagger (weapon)
 b - a +0 blowgun
Missiles
 e - 8 poisoned needles (quivered)
 f - 2 curare-tipped needles
Armour
 c - a +0 robe (worn)
 d - a +0 cloak (worn)
Scrolls
 h - 3 scrolls of identify
 i - a scroll of random uselessness
 j - a scroll of blinking {unknown}
 k - a scroll of teleportation {unknown}
 l - 2 scrolls of remove curse {unknown}
Comestibles
 g - 3 rations


   Skills:
 + Level 1.8 Fighting
 + Level 3.0 Short Blades
 + Level 2.2 Throwing
 + Level 2.9 Dodging
 + Level 7.3 Stealth


You had 3 spell levels left.
You didn't know any spells.

Dungeon Overview and Level Annotations

Branches:
Dungeon (2/15)

Altars:

Annotations:
D:2 Natasha


Innate Abilities, Weirdness & Mutations

You are very small and have problems with some larger weapons.
You are too small for most types of armour.
You have supernaturally acute eyesight. (SInv)
You are a herbivore.
You cover ground extremely quickly.
You need consume almost no food.


Message History

Natasha, Servant of Life and Death comes into view.
You see here a dagger.
Natasha hisses angrily.
Natasha drinks a potion.
Natasha seems to speed up.
Natasha misses you.
You hit Natasha but do no damage. Natasha claws you!
You hit Natasha.
Natasha is moderately wounded.
Natasha barely misses you.
You hit Natasha.
Natasha is heavily wounded.
Natasha barely misses you.
You closely miss Natasha.
Natasha is heavily wounded.
Natasha closely misses you. Natasha claws you!
* * * LOW HITPOINT WARNING * * *
You hit Natasha.
Natasha is severely wounded.
Natasha claws you!
You die...

##.###...##.#
##...##...##.#
##.....#...##.#
##.............####.##
##............).......#
............###.####..#
...#........##.....#
#...#...#...##...###
.....#.##..†##..@#
#....####...##..h#
##.#........##...#
.................#
##.######.####....
##.## #.. ..... ....#
### ##.... ##..# #...##
#..#


You could see Natasha.

Vanquished Creatures
  3 adders (D:2)
  An ooze (D:1)
  A worm (D:2)
  2 dart slugs (D:1)
  3 leopard geckos (D:1)
  2 giant cockroaches
  7 goblins
  5 hobgoblins
  4 jackals
  7 bats
  A frilled lizard (D:1)
  A kobold (D:1)
  3 rats
40 creatures vanquished.

Notes
Turn   | Place    | Note
-------+----------+-------------------------------------------
     0 | D:1      | Krilegs the Spriggan Assassin began the quest for the Orb.
     0 | D:1      | Reached XP level 1. HP: 10/10 MP: 2/2
   116 | D:1      | Reached skill level 6 in Stealth
   168 | D:1      | Reached XP level 2. HP: 3/15 MP: 3/3
   726 | D:1      | Reached XP level 3. HP: 16/18 MP: 4/4
  1058 | D:2      | Reached skill level 7 in Stealth
  1228 | D:2      | Reached XP level 4. HP: 14/23 MP: 5/5
  1697 | D:2      | Noticed Natasha
  1707 | D:2      | Mangled by Natasha

Skill      XL: |  1  2  3  4 |
---------------+-------------+-----
Stealth        | 6 7 |  7.3
Dodging        | 2 |  2.9
Short Blades   | 3 |  3.0
Fighting       | |  1.8
Throwing       | |  2.2

Action                   |  1- 3 |  4- 6 || total
-------------------------+-------+-------++-------
Melee: Dagger            |   125 |    46 ||   171
  Use: Scroll            |     1 |       ||     1
       Potion            |     1 |       ||     1
 Stab: Sleeping          |    10 |     2 ||    12
       Distracted        |     1 |       ||     1
Armor: Robe              |    20 |     3 ||    23
Dodge: Dodged            |   105 |    28 ||   133
